San Jose Sharks vs Arizona Coyotes

Created - mercredi 16 janvier 2019 at 19:00

Goals
1 2 3 OT1 T
San Jose Sharks 0 1 1 0 2
Arizona Coyotes 0 1 1 1 3
Shots
1 2 3 OT1 T
San Jose Sharks 5 17 3 0 25
Arizona Coyotes 2 17 8 1 28

1st period

No Goal

Penalties :
Kevin Labanc (SJS) for Hooking (Minor) at 5:46

2nd period

1. Arizona Coyotes , Jordan Martinook 6 (Ryan Sproul 5, Mike Blunden 1) at 12:24
2. San Jose Sharks , Anthony Cirelli 4 (Ian Cole 3, Mikkel Boedker 11) at 16:37

Penalties :
No Penalty

3rd period

3. Arizona Coyotes , Max Domi 7 (Anthony Duclair 13, Jamie McGinn 9) at 12:41 (PP)
4. San Jose Sharks , Andre Burakovsky 7 (Brent Burns 19, Christian Dvorak 11) at 15:04

Penalties :
Kevin Labanc (SJS) for Tripping (Minor) at 3:50, Jamie McGinn (ARI) for Holding (Minor) at 8:58, Devan Dubnyk (ARI) for Slashing (Minor) at 10:06 - Christian Fischer served the penalty, Ian Cole (SJS) for Hooking (Minor) at 12:35, Anthony Cirelli (SJS) for Interference (Minor) at 15:26

Overtime #1

5. Arizona Coyotes , Jamie McGinn 7 (Anthony Duclair 14, Alex Goligoski 10) at 1:24

Penalties :
No Penalty

Goalie Stats

Cam Talbot (SJS), 25 saves from 28 shots - (0.893), OTL, 19-18-12, 61:24 minutes
Devan Dubnyk (ARI), 23 saves from 25 shots - (0.920), W, 20-12-3, 61:24 minutes

Players Stats for San Jose Sharks

Player Name              G  A  P  +/- PIM S  H  SB GA TA FO     MP     PP MP  PK MP  
------------------------------------------------------------------------------------
Andre Burakovsky         1  0  1   0  0   3  4  0  0  0  0/0    12:04   0:00   2:55 
Anthony Cirelli          1  0  1   1  2   3  1  0  0  0  1/4    12:59   0:00   0:00 
Brent Burns              0  1  1   0  0   4  3  1  0  0  0/0    23:08   1:35   0:00 
Chris Tierney            0  0  0   0  0   2  2  0  0  0  2/4    18:35   1:47   2:52 
Christian Dvorak         0  1  1   0  0   2  3  2  0  0  7/13   15:54   1:20   0:00 
Clayton Keller           0  0  0  -1  0   2  2  2  1  0  0/2    16:45   1:20   0:00 
Drew Stafford            0  0  0   1  0   0  4  1  1  0  2/2    16:18   0:00   2:45 
Ian Cole                 0  1  1   1  2   0  5  1  1  0  0/0    21:23   1:35   3:12 
Joakim Ryan              0  0  0  -1  0   1  0  0  1  0  0/0    13:31   0:00   0:00 
Karl Alzner              0  0  0   1  0   2  2  0  0  0  0/0    24:57   1:32   2:51 
Kevin Labanc             0  0  0   0  4   2  3  0  0  0  0/2    16:22   1:47   0:00 
Logan Couture            0  0  0   0  0   1  0  1  1  0  5/12   15:52   1:20   0:17 
Mike Reilly              0  0  0  -1  0   1  1  1  0  0  0/0    19:05   1:32   3:12 
Mikkel Boedker           0  1  1   1  0   1  1  2  0  0  0/0    13:16   0:00   0:00 
Timo Meier               0  0  0  -1  0   0  5  0  0  1  2/4    17:06   1:44   0:00 
Tommy Wingels            0  0  0   0  0   0  5  1  0  0  5/8     9:52   0:00   0:32 
Travis Dermott           0  0  0   1  0   0  0  0  0  0  0/0    18:49   0:00   2:51 
Tyler Ennis              0  0  0   0  0   1  1  1  0  1  2/4    12:09   0:03   2:45 

Players Stats for Arizona Coyotes

Player Name              G  A  P  +/- PIM S  H  SB GA TA FO     MP     PP MP  PK MP  
------------------------------------------------------------------------------------
Adam Clendening          0  0  0   0  0   0  0  1  1  1  0/0    21:56   1:53   0:00 
Alex Goligoski           0  1  1   0  0   2  2  1  0  0  0/0    24:04   2:27   1:42 
Anthony Duclair          0  2  2   0  0   0  1  2  0  0  1/2    17:34   2:50   0:08 
Christian Fischer        0  0  0   0  0   0  2  0  0  2  1/1    17:32   2:55   0:31 
Dylan Strome             0  0  0   0  0   4  2  0  0  0  0/2     8:49   0:00   0:00 
Jakob Chychrun           0  0  0   0  0   0  0  0  0  0  0/0     8:24   0:19   0:00 
Jamie McGinn             1  1  2   0  2   3  1  0  0  2  0/1    17:23   2:50   0:02 
Jordan Martinook         1  0  1  -1  0   5  3  0  0  0  0/0    15:38   0:15   0:31 
Leon Draisaitl           0  0  0   0  0   1  2  0  0  0  15/21  18:58   2:55   1:28 
Luke Schenn              0  0  0   0  0   1  1  1  0  0  0/0    20:09   3:35   1:25 
Max Domi                 1  0  1  -1  0   2  4  0  0  0  6/15   18:18   2:50   1:10 
Mike Blunden             0  1  1   0  0   0  1  0  0  0  6/12   14:39   0:18   0:00 
Nicholas Merkley         0  0  0   0  0   1  2  0  0  0  0/0     8:49   0:00   0:00 
Nick Cousins             0  0  0   0  0   1  2  0  0  0  0/0    14:09   0:00   0:00 
Peter Holland            0  0  0   0  0   1  0  0  0  0  0/0     9:51   0:21   0:00 
Ryan Sproul              0  1  1   0  0   1  1  1  0  0  0/0    20:38   0:17   1:42 
Thomas Hickey            0  0  0   0  0   3  1  0  1  0  0/0    24:47   3:35   1:25 
Tomas Hertl              0  0  0   0  0   3  2  2  0  0  0/1    18:35   2:55   1:33 

3 Stars

1 - Andre Burakovsky (SJS)
2 - Max Domi (ARI)
3 - Jamie McGinn (ARI)

Power Play

San Jose Sharks - 0 on 2 Attempt(s) - 0.00%
Arizona Coyotes - 1 on 4 Attempt(s) - 25.00%

Penalty Kill

San Jose Sharks - 3 on 4 Attempt(s) - 75.00% - Score 0 goal in Penalty Kill
Arizona Coyotes - 2 on 2 Attempt(s) - 100.00% - Score 0 goal in Penalty Kill

Team Stat

San Jose Sharks - Hits : 42 - Faceoff Wins : 26 - Blocked Shots : 13 - Penalty Minutes : 8
Arizona Coyotes - Hits : 27 - Faceoff Wins : 29 - Blocked Shots : 8 - Penalty Minutes : 4

Official

Referees : Brian Pochmara and Kendrick Nicholson
Linesman : Tim Nowak and Bryan Pancich

Game Notes

Jakob Chychrun is injured at 6:39 of 2nd period (Bruised Left Shoulder)

Finance

Level 1 -- Attendance: 8150 (81.50%) -- Ticket Income fr. 652'000
Level 2 -- Attendance: 1555 (77.75%) -- Ticket Income fr. 101'075
Level 3 -- Attendance: 2637 (75.34%) -- Ticket Income fr. 92'295
Level 4 -- Attendance: 1313 (90.55%) -- Ticket Income fr. 26'260
Luxury Box -- Attendance: 49 (98.00%) -- Ticket Income fr. 9'800
Game was played at the Gila River Arena.
Total Attendance: 13704 (80.61%)
Total Ticket Income: fr. 881'430
Total Income: fr. 881'430

San Jose Sharks

5 vs 5 Forward 
   Center                   Left Wing                Right Wing               Time % Phy DF OF 
 1 Logan Couture            Chris Tierney            Kevin Labanc             30     1   1  3  
 2 Christian Dvorak         Clayton Keller           Timo Meier               30     1   1  3  
 3 Anthony Cirelli          Drew Stafford            Mikkel Boedker           25     1   2  2  
 4 Tommy Wingels            Andre Burakovsky         Tyler Ennis              15     2   3  0  

5 vs 5 Defense 
   Defense                  Defense                                           Time % Phy DF OF 
 1 Brent Burns              Karl Alzner                                       30     1   2  2  
 2 Ian Cole                 Travis Dermott                                    30     1   2  2  
 3 Mike Reilly              Joakim Ryan                                       25     1   2  2  
 4 Brent Burns              Karl Alzner                                       15     1   2  2  

PowerPlay Forward 
   Center                   Left Wing                Right Wing               Time % Phy DF OF 
 1 Christian Dvorak         Clayton Keller           Logan Couture            50     0   1  4  
 2 Chris Tierney            Kevin Labanc             Timo Meier               50     0   1  4  

PowerPlay Defense
   Defense                  Defense                                           Time % Phy DF OF 
 1 Brent Burns              Ian Cole                                          50     0   2  3  
 2 Karl Alzner              Mike Reilly                                       50     0   2  3  

Penalty Kill 4 Players Forward 
   Center                   Wing                     Time % Phy DF OF 
 1 Chris Tierney            Andre Burakovsky         50     1   4  0  
 2 Tyler Ennis              Drew Stafford            50     1   4  0  

Penalty Kill 4 Players Defense
   Defense                  Defense                  Time % Phy DF OF 
 1 Travis Dermott           Karl Alzner              50     2   3  0  
 2 Ian Cole                 Mike Reilly              50     2   3  0  

Penalty Kill - 3 Players Forward 
   Forward                                           Time % Phy DF OF 
 1 Christian Dvorak                                  50     1   4  0  
 2 Tommy Wingels                                     50     1   4  0  

Penalty Kill - 3 Players Defense
   Defense                  Defense                  Time % Phy DF OF 
 1 Karl Alzner              Travis Dermott           50     1   4  0  
 2 Joakim Ryan              Mike Reilly              50     1   4  0  

4 vs 4 Forward 
   Center                   Wing                     Time % Phy DF OF 
 1 Anthony Cirelli          Mikkel Boedker           50     1   2  2  
 2 Christian Dvorak         Andre Burakovsky         50     1   2  2  

4 vs 4 Defense
   Defense                  Defense                  Time % Phy DF OF 
 1 Brent Burns              Mike Reilly              50     1   2  2  
 2 Ian Cole                 Travis Dermott           50     1   2  2  

Last Minutes Offensive
   Center                   Left Wing                Right Wing               Defense                  Defense                  
   Logan Couture            Chris Tierney            Clayton Keller           Brent Burns              Ian Cole                 

Last Minutes Defensive
   Center                   Left Wing                Right Wing               Defense                  Defense                  
   Anthony Cirelli          Kevin Labanc             Drew Stafford            Karl Alzner              Ian Cole                 

Goaltenders
Starting : Cam Talbot               
Backup : Reto Berra               

Extra Forwards
Normal : Tyler Ennis, Clayton Keller, Timo Meier - PP : Tyler Ennis, Clayton Keller - PK : Tommy Wingels
Extra Defensemen
Normal : Mike Reilly, Joakim Ryan, Karl Alzner - PP : Brent Burns - PK : Travis Dermott, Mike Reilly
Penalty Shots
Clayton Keller, Logan Couture, Timo Meier, Kevin Labanc, Mikkel Boedker
Custom OT Lines Forwards
Timo Meier, Clayton Keller, Mikkel Boedker, Tommy Wingels, Chris Tierney, Logan Couture, Kevin Labanc, Christian Dvorak, Anthony Cirelli, Tyler Ennis
Custom OT Lines Defensemen
Brent Burns, Mike Reilly, Ian Cole, Travis Dermott, Joakim Ryan

Scratches
Jimmy Hayes (Healthy), Roman Polak (Chest/Ribs Injury), Marcus Sorensen (Healthy)

Arizona Coyotes

5 vs 5 Forward 
   Center                   Left Wing                Right Wing               Time % Phy DF OF 
 1 Leon Draisaitl           Tomas Hertl              Christian Fischer        30     1   2  2  
 2 Max Domi                 Jamie McGinn             Anthony Duclair          30     1   2  2  
 3 Mike Blunden             Jordan Martinook         Nick Cousins             25     1   2  2  
 4 Dylan Strome             Peter Holland            Nicholas Merkley         15     1   2  2  

5 vs 5 Defense 
   Defense                  Defense                                           Time % Phy DF OF 
 1 Alex Goligoski           Adam Clendening                                   30     1   2  2  
 2 Thomas Hickey            Luke Schenn                                       30     1   2  2  
 3 Jakob Chychrun           Ryan Sproul                                       25     1   2  2  
 4 Alex Goligoski           Thomas Hickey                                     15     1   2  2  

PowerPlay Forward 
   Center                   Left Wing                Right Wing               Time % Phy DF OF 
 1 Leon Draisaitl           Tomas Hertl              Christian Fischer        50     1   2  2  
 2 Max Domi                 Jamie McGinn             Anthony Duclair          50     1   2  2  

PowerPlay Defense
   Defense                  Defense                                           Time % Phy DF OF 
 1 Alex Goligoski           Jakob Chychrun                                    50     1   2  2  
 2 Thomas Hickey            Luke Schenn                                       50     1   2  2  

Penalty Kill 4 Players Forward 
   Center                   Wing                     Time % Phy DF OF 
 1 Leon Draisaitl           Tomas Hertl              50     1   2  2  
 2 Max Domi                 Christian Fischer        50     1   2  2  

Penalty Kill 4 Players Defense
   Defense                  Defense                  Time % Phy DF OF 
 1 Alex Goligoski           Ryan Sproul              50     1   2  2  
 2 Thomas Hickey            Luke Schenn              50     1   2  2  

Penalty Kill - 3 Players Forward 
   Forward                                           Time % Phy DF OF 
 1 Leon Draisaitl                                    50     1   2  2  
 2 Tomas Hertl                                       50     1   2  2  

Penalty Kill - 3 Players Defense
   Defense                  Defense                  Time % Phy DF OF 
 1 Alex Goligoski           Jakob Chychrun           50     1   2  2  
 2 Thomas Hickey            Luke Schenn              50     1   2  2  

4 vs 4 Forward 
   Center                   Wing                     Time % Phy DF OF 
 1 Leon Draisaitl           Tomas Hertl              50     1   2  2  
 2 Max Domi                 Christian Fischer        50     1   2  2  

4 vs 4 Defense
   Defense                  Defense                  Time % Phy DF OF 
 1 Alex Goligoski           Adam Clendening          50     1   2  2  
 2 Thomas Hickey            Luke Schenn              50     1   2  2  

Last Minutes Offensive
   Center                   Left Wing                Right Wing               Defense                  Defense                  
   Leon Draisaitl           Tomas Hertl              Christian Fischer        Alex Goligoski           Adam Clendening          

Last Minutes Defensive
   Center                   Left Wing                Right Wing               Defense                  Defense                  
   Leon Draisaitl           Tomas Hertl              Christian Fischer        Alex Goligoski           Adam Clendening          

Goaltenders
Starting : Devan Dubnyk             
Backup : Louis Domingue           

Extra Forwards
Normal : Peter Holland, Leon Draisaitl, Jordan Martinook - PP : Peter Holland, Tomas Hertl - PK : Jordan Martinook
Extra Defensemen
Normal : Jakob Chychrun, Ryan Sproul, Thomas Hickey - PP : Jakob Chychrun - PK : Ryan Sproul, Thomas Hickey
Penalty Shots
Leon Draisaitl, Tomas Hertl, Max Domi, Christian Fischer, Jamie McGinn
Custom OT Lines Forwards
Leon Draisaitl, Tomas Hertl, Max Domi, Christian Fischer, Jamie McGinn, Anthony Duclair, Peter Holland, Jordan Martinook, Nick Cousins, Dylan Strome
Custom OT Lines Defensemen
Alex Goligoski, Ryan Sproul, Thomas Hickey, Luke Schenn, Jakob Chychrun

Scratches
Brad Richardson (Left Ankle Injury), Johnny Boychuk (Left Leg Injury), Martin Hanzal (Lacerated Left Calf Injury)

% Time on Ice - San Jose Sharks

Lines # - Real PCT - Wanted PCT - Time Play
Normal Forward
1 - 27% - 30% - 13:41
2 - 31% - 30% - 15:39
3 - 25% - 25% - 12:51
4 - 17% - 15% - 8:39
Normal Defense
1 - 30% - 30% - 15:17
2 - 32% - 30% - 16:01
3 - 27% - 25% - 13:32
4 - 12% - 15% - 6:00
PP Forward
1 - 43% - 50% - 1:20
2 - 57% - 50% - 1:47
PP Defense
1 - 51% - 50% - 1:35
2 - 49% - 50% - 1:32
PK Forward
1 - 50% - 50% - 3:01
2 - 50% - 50% - 3:02
PK Defense
1 - 47% - 50% - 2:51
2 - 53% - 50% - 3:12
PK3 Forward
1 - 0% - 50%
2 - 0% - 50%
PK3 Defense
1 - 0% - 50%
2 - 0% - 50%
44 Forward
1 - 0% - 50%
2 - 0% - 50%
44 Defense
1 - 0% - 50%
2 - 0% - 50%
Last Minute Offensive  - 0:00
Last Minute Defensive  - 0:00
Total
Forward - 60:00
Defense - 60:00

% Time on Ice - Arizona Coyotes

Lines # - Real PCT - Wanted PCT - Time Play
Normal Forward
1 - 27% - 30% - 13:48
2 - 29% - 30% - 14:39
3 - 27% - 25% - 13:34
4 - 17% - 15% - 8:49
Normal Defense
1 - 26% - 30% - 13:22
2 - 26% - 30% - 13:15
3 - 36% - 25% - 18:24
4 - 11% - 15% - 5:49
PP Forward
1 - 50% - 50% - 3:02
2 - 50% - 50% - 3:01
PP Defense
1 - 48% - 50% - 2:56
2 - 52% - 50% - 3:07
PK Forward
1 - 47% - 50% - 1:04
2 - 53% - 50% - 1:12
PK Defense
1 - 46% - 50% - 1:03
2 - 54% - 50% - 1:13
PK3 Forward
1 - 47% - 50% - 0:24
2 - 53% - 50% - 0:27
PK3 Defense
1 - 76% - 50% - 0:39
2 - 24% - 50% - 0:12
44 Forward
1 - 0% - 50%
2 - 0% - 50%
44 Defense
1 - 0% - 50%
2 - 0% - 50%
Last Minute Offensive  - 0:00
Last Minute Defensive  - 0:00
Total
Forward - 60:00
Defense - 60:00

Play-by-Play

1st period


0:01 of 1st period - Logan Couture wins face-off versus Leon Draisaitl in neutral zone.
0:25 of 1st period - Karl Alzner is hit by Jordan Martinook and loses puck.
0:34 of 1st period - Jordan Martinook is hit by Brent Burns and loses puck.
1:29 of 1st period - Wrist shot by Kevin Labanc.
1:29 of 1st period - Stopped by Devan Dubnyk without a rebound.
1:30 of 1st period - Christian Dvorak wins face-off versus Max Domi in Arizona Coyotes zone.
1:57 of 1st period - Thomas Hickey is hit by Drew Stafford and loses puck.
2:24 of 1st period - Ryan Sproul is hit by Tommy Wingels and loses puck.
4:13 of 1st period - Christian Dvorak is hit by Nicholas Merkley and loses puck.
4:41 of 1st period - Icing by Luke Schenn.
4:42 of 1st period - Tommy Wingels wins face-off versus Jamie McGinn in Arizona Coyotes zone.
5:00 of 1st period - Christian Fischer is hit by Tommy Wingels and loses puck.
5:21 of 1st period - Wrist shot by Mikkel Boedker.
5:21 of 1st period - Stopped by Devan Dubnyk with a rebound.
5:46 of 1st period - Minor Penalty to Kevin Labanc for Hooking.
5:47 of 1st period - Leon Draisaitl wins face-off versus Tyler Ennis in San Jose Sharks zone.
6:26 of 1st period - Tyler Ennis is hit by Max Domi and loses puck.
6:39 of 1st period - Drew Stafford is hit by Christian Fischer and loses puck.
7:16 of 1st period - Icing by Thomas Hickey.
7:17 of 1st period - Tyler Ennis wins face-off versus Max Domi in Arizona Coyotes zone.
7:23 of 1st period - Icing by Thomas Hickey.
7:24 of 1st period - Christian Fischer wins face-off versus Chris Tierney in Arizona Coyotes zone.
7:46 of 1st period - Penalty to Kevin Labanc is over, Kevin Labanc is back on ice.
8:13 of 1st period - Wrist shot by Tomas Hertl.
8:13 of 1st period - Shot Misses the Net.
8:15 of 1st period - Wrist shot by Leon Draisaitl.
8:15 of 1st period - Shot Blocked by Tyler Ennis.
8:17 of 1st period - Backhand shot by Tomas Hertl.
8:17 of 1st period - Shot Blocked by Ian Cole.
8:19 of 1st period - Slapshot by Thomas Hickey.
8:19 of 1st period - Shot Misses the Net.
8:21 of 1st period - Snap shot by Christian Fischer.
8:21 of 1st period - Shot Misses the Net.
8:23 of 1st period - Snap shot by Christian Fischer.
8:23 of 1st period - Shot Misses the Net.
8:25 of 1st period - Wrist shot by Leon Draisaitl.
8:25 of 1st period - Shot Blocked by Mike Reilly.
8:27 of 1st period - Slapshot by Tomas Hertl.
8:27 of 1st period - Deflect By Leon Draisaitl.
8:27 of 1st period - Shot Misses the Net.
8:27 of 1st period - Puck is out of play.
8:28 of 1st period - Christian Dvorak wins face-off versus Max Domi in San Jose Sharks zone.
9:10 of 1st period - Jordan Martinook is hit by Andre Burakovsky and loses puck.
10:57 of 1st period - Karl Alzner is hit by Dylan Strome and loses puck.
11:10 of 1st period - Tyler Ennis is hit by Tomas Hertl and loses puck.
11:42 of 1st period - Adam Clendening is hit by Drew Stafford.
12:07 of 1st period - Alex Goligoski is hit by Andre Burakovsky and loses puck.
12:22 of 1st period - Thomas Hickey is hit by Timo Meier and loses puck.
12:52 of 1st period - Nick Cousins is hit by Chris Tierney and loses puck.
13:03 of 1st period - Tommy Wingels is hit by Alex Goligoski and loses puck.
13:16 of 1st period - Dylan Strome is hit by Timo Meier and loses puck.
14:00 of 1st period - Ian Cole is hit by Nick Cousins and loses puck.
14:57 of 1st period - Christian Fischer is hit by Andre Burakovsky and loses puck.
15:17 of 1st period - Icing by Ian Cole.
15:18 of 1st period - Logan Couture wins face-off versus Mike Blunden in San Jose Sharks zone.
15:25 of 1st period - Nick Cousins is hit by Ian Cole and loses puck.
15:50 of 1st period - Alex Goligoski is hit by Drew Stafford and loses puck.
16:17 of 1st period - Snap shot by Mikkel Boedker.
16:17 of 1st period - Shot Blocked by Anthony Duclair.
16:19 of 1st period - Wrist shot by Anthony Cirelli.
16:19 of 1st period - Shot Misses the Net.
16:21 of 1st period - Wrist shot by Anthony Cirelli.
16:21 of 1st period - Shot Blocked by Anthony Duclair.
16:23 of 1st period - Slapshot by Ian Cole.
16:23 of 1st period - Deflect By Mikkel Boedker.
16:23 of 1st period - Shot Blocked by Alex Goligoski.
16:23 of 1st period - Puck is out of play.
16:24 of 1st period - Logan Couture wins face-off versus Mike Blunden in Arizona Coyotes zone.
17:03 of 1st period - Snap shot by Tyler Ennis.
17:03 of 1st period - Stopped by Devan Dubnyk without a rebound.
17:04 of 1st period - Christian Dvorak wins face-off versus Max Domi in Arizona Coyotes zone.
17:09 of 1st period - Slapshot by Brent Burns.
17:09 of 1st period - Stopped by Devan Dubnyk with a rebound.
17:29 of 1st period - Christian Fischer is hit by Kevin Labanc and loses puck.
17:52 of 1st period - Wrist shot by Nick Cousins.
17:52 of 1st period - Stopped by Cam Talbot with a rebound.
17:54 of 1st period - Snap shot by Mike Blunden.
17:54 of 1st period - Deflect By Jordan Martinook.
17:54 of 1st period - Shot Blocked by Tommy Wingels.
17:54 of 1st period - Puck is out of play.
17:55 of 1st period - Timo Meier wins face-off versus Mike Blunden in San Jose Sharks zone.
18:00 of 1st period - Jordan Martinook is hit by Christian Dvorak and loses puck.
18:21 of 1st period - Icing by Alex Goligoski.
18:22 of 1st period - Max Domi wins face-off versus Kevin Labanc in Arizona Coyotes zone.
18:37 of 1st period - Backhand shot by Kevin Labanc.
18:37 of 1st period - Deflect By Chris Tierney.
18:37 of 1st period - Stopped by Devan Dubnyk without a rebound.
18:38 of 1st period - Leon Draisaitl wins face-off versus Christian Dvorak in Arizona Coyotes zone.
19:11 of 1st period - Slapshot by Anthony Cirelli.
19:11 of 1st period - Shot Misses the Net.
19:27 of 1st period - Slapshot by Thomas Hickey.
19:27 of 1st period - Stopped by Cam Talbot with a rebound.
Goals for this period are 0 for San Jose Sharks vs 0 for Arizona Coyotes.
Shots for this period are 5 for San Jose Sharks vs 2 for Arizona Coyotes.

2nd period


0:01 of 2nd period - Christian Dvorak wins face-off versus Max Domi in neutral zone.
0:04 of 2nd period - Max Domi is hit by Christian Dvorak and loses puck.
0:25 of 2nd period - Brent Burns is hit by Thomas Hickey and loses puck.
0:36 of 2nd period - Snap shot by Leon Draisaitl.
0:36 of 2nd period - Shot Blocked by Mikkel Boedker.
0:50 of 2nd period - Wrist shot by Jordan Martinook.
0:50 of 2nd period - Stopped by Cam Talbot without a rebound.
0:51 of 2nd period - Mike Blunden wins face-off versus Kevin Labanc in San Jose Sharks zone.
1:03 of 2nd period - Icing by Adam Clendening.
1:04 of 2nd period - Mike Blunden wins face-off versus Christian Dvorak in Arizona Coyotes zone.
1:12 of 2nd period - Off-side.
1:13 of 2nd period - Max Domi wins face-off versus Clayton Keller in neutral zone.
1:18 of 2nd period - Snap shot by Anthony Duclair.
1:18 of 2nd period - Shot Misses the Net.
1:58 of 2nd period - Slapshot by Christian Dvorak.
1:58 of 2nd period - Shot Misses the Net.
2:00 of 2nd period - Slapshot by Ian Cole.
2:00 of 2nd period - Shot Misses the Net.
2:02 of 2nd period - Snap shot by Christian Dvorak.
2:02 of 2nd period - Stopped by Devan Dubnyk without a rebound.
2:03 of 2nd period - Leon Draisaitl wins face-off versus Logan Couture in Arizona Coyotes zone.
2:32 of 2nd period - Snap shot by Anthony Cirelli.
2:32 of 2nd period - Stopped by Devan Dubnyk with a rebound.
2:34 of 2nd period - Snap shot by Anthony Cirelli.
2:34 of 2nd period - Stopped by Devan Dubnyk without a rebound.
2:35 of 2nd period - Tommy Wingels wins face-off versus Dylan Strome in Arizona Coyotes zone.
2:38 of 2nd period - Wrist shot by Andre Burakovsky.
2:38 of 2nd period - Stopped by Devan Dubnyk without a rebound.
2:39 of 2nd period - Tommy Wingels wins face-off versus Leon Draisaitl in Arizona Coyotes zone.
3:37 of 2nd period - Wrist shot by Kevin Labanc.
3:37 of 2nd period - Stopped by Devan Dubnyk without a rebound.
3:38 of 2nd period - Leon Draisaitl wins face-off versus Logan Couture in Arizona Coyotes zone.
4:48 of 2nd period - Thomas Hickey is hit by Tommy Wingels and loses puck.
5:05 of 2nd period - Snap shot by Clayton Keller.
5:05 of 2nd period - Stopped by Devan Dubnyk without a rebound.
5:06 of 2nd period - Christian Dvorak wins face-off versus Leon Draisaitl in Arizona Coyotes zone.
5:07 of 2nd period - Wrist shot by Clayton Keller.
5:07 of 2nd period - Shot Misses the Net.
5:13 of 2nd period - Snap shot by Clayton Keller.
5:13 of 2nd period - Shot Misses the Net.
5:15 of 2nd period - Slapshot by Brent Burns.
5:15 of 2nd period - Stopped by Devan Dubnyk with a rebound.
5:17 of 2nd period - Snap shot by Karl Alzner.
5:17 of 2nd period - Stopped by Devan Dubnyk with a rebound.
5:19 of 2nd period - Slapshot by Karl Alzner.
5:19 of 2nd period - Stopped by Devan Dubnyk with a rebound.
5:21 of 2nd period - Wrist shot by Christian Dvorak.
5:21 of 2nd period - Shot Blocked by Adam Clendening.
5:33 of 2nd period - Chris Tierney is hit by Alex Goligoski and loses puck.
6:38 of 2nd period - Jakob Chychrun is hit by Andre Burakovsky and loses puck.
6:39 of 2nd period - Jakob Chychrun from Arizona Coyotes is injured at 6:39 of 2nd period (Bruised Left Shoulder).
6:40 of 2nd period - Leon Draisaitl wins face-off versus Logan Couture in Arizona Coyotes zone.
7:27 of 2nd period - Off-side.
7:28 of 2nd period - Christian Dvorak wins face-off versus Dylan Strome in neutral zone.
7:41 of 2nd period - Snap shot by Dylan Strome.
7:41 of 2nd period - Stopped by Cam Talbot without a rebound.
7:42 of 2nd period - Leon Draisaitl wins face-off versus Logan Couture in San Jose Sharks zone.
7:43 of 2nd period - Wrist shot by Tomas Hertl.
7:43 of 2nd period - Shot Misses the Net.
7:52 of 2nd period - Alex Goligoski is hit by Karl Alzner.
8:10 of 2nd period - Snap shot by Kevin Labanc.
8:10 of 2nd period - Shot Misses the Net.
8:12 of 2nd period - Slapshot by Karl Alzner.
8:12 of 2nd period - Shot Misses the Net.
8:28 of 2nd period - Luke Schenn is hit by Brent Burns and loses puck.
8:37 of 2nd period - Wrist shot by Christian Dvorak.
8:37 of 2nd period - Stopped by Devan Dubnyk with a rebound.
8:51 of 2nd period - Snap shot by Brent Burns.
8:51 of 2nd period - Stopped by Devan Dubnyk without a rebound.
8:52 of 2nd period - Tommy Wingels wins face-off versus Mike Blunden in Arizona Coyotes zone.
8:53 of 2nd period - Snap shot by Andre Burakovsky.
8:53 of 2nd period - Shot Misses the Net.
8:55 of 2nd period - Snap shot by Tommy Wingels.
8:55 of 2nd period - Shot Blocked by Ryan Sproul.
8:57 of 2nd period - Slapshot by Joakim Ryan.
8:57 of 2nd period - Stopped by Devan Dubnyk with a rebound.
8:59 of 2nd period - Wrist shot by Andre Burakovsky.
8:59 of 2nd period - Shot Misses the Net.
9:01 of 2nd period - Slapshot by Mike Reilly.
9:01 of 2nd period - Stopped by Devan Dubnyk without a rebound.
9:02 of 2nd period - Max Domi wins face-off versus Logan Couture in Arizona Coyotes zone.
9:07 of 2nd period - Kevin Labanc is hit by Anthony Duclair and loses puck.
9:16 of 2nd period - Anthony Duclair is hit by Kevin Labanc.
9:32 of 2nd period - Wrist shot by Tomas Hertl.
9:32 of 2nd period - Deflect By Leon Draisaitl.
9:32 of 2nd period - Stopped by Cam Talbot without a rebound.
9:33 of 2nd period - Leon Draisaitl wins face-off versus Anthony Cirelli in San Jose Sharks zone.
9:42 of 2nd period - Wrist shot by Tomas Hertl.
9:42 of 2nd period - Shot Blocked by Mikkel Boedker.
10:27 of 2nd period - Slapshot by Alex Goligoski.
10:27 of 2nd period - Stopped by Cam Talbot with a rebound.
10:29 of 2nd period - Slapshot by Alex Goligoski.
10:29 of 2nd period - Shot Blocked by Christian Dvorak.
11:09 of 2nd period - Wrist shot by Dylan Strome.
11:09 of 2nd period - Stopped by Cam Talbot with a rebound.
11:23 of 2nd period - Slapshot by Thomas Hickey.
11:23 of 2nd period - Stopped by Cam Talbot with a rebound.
11:25 of 2nd period - Slapshot by Luke Schenn.
11:25 of 2nd period - Stopped by Cam Talbot with a rebound.
11:27 of 2nd period - Wrist shot by Luke Schenn.
11:27 of 2nd period - Deflect By Nicholas Merkley.
11:27 of 2nd period - Stopped by Cam Talbot without a rebound.
11:28 of 2nd period - Leon Draisaitl wins face-off versus Anthony Cirelli in San Jose Sharks zone.
11:53 of 2nd period - Adam Clendening is hit by Ian Cole and loses puck.
12:15 of 2nd period - Off-side.
12:16 of 2nd period - Mike Blunden wins face-off versus Tommy Wingels in neutral zone.
12:16 of 2nd period - Mike Blunden is hit by Tommy Wingels.
12:22 of 2nd period - Slapshot by Ryan Sproul.
12:22 of 2nd period - Stopped by Cam Talbot with a rebound.
12:24 of 2nd period - Snap shot by Jordan Martinook.
12:24 of 2nd period - Goal by Jordan Martinook - San Jose Sharks : 0 - Arizona Coyotes : 1.
12:25 of 2nd period - Leon Draisaitl wins face-off versus Logan Couture in neutral zone.
12:49 of 2nd period - Icing by Christian Fischer.
12:50 of 2nd period - Max Domi wins face-off versus Christian Dvorak in Arizona Coyotes zone.
12:50 of 2nd period - Max Domi is hit by Christian Dvorak.
13:16 of 2nd period - Nick Cousins is hit by Mikkel Boedker and loses puck.
13:54 of 2nd period - Kevin Labanc is hit by Dylan Strome and loses puck.
14:05 of 2nd period - Snap shot by Logan Couture.
14:05 of 2nd period - Stopped by Devan Dubnyk with a rebound.
14:19 of 2nd period - Thomas Hickey is hit by Brent Burns and loses puck.
14:56 of 2nd period - Christian Fischer is hit by Mike Reilly and loses puck.
15:19 of 2nd period - Backhand shot by Dylan Strome.
15:19 of 2nd period - Shot Misses the Net.
15:21 of 2nd period - Slapshot by Adam Clendening.
15:21 of 2nd period - Shot Misses the Net.
15:23 of 2nd period - Snap shot by Peter Holland.
15:23 of 2nd period - Stopped by Cam Talbot without a rebound.
15:24 of 2nd period - Max Domi wins face-off versus Tommy Wingels in San Jose Sharks zone.
15:25 of 2nd period - Snap shot by Jamie McGinn.
15:25 of 2nd period - Stopped by Cam Talbot with a rebound.
16:14 of 2nd period - Luke Schenn is hit by Timo Meier and loses puck.
16:35 of 2nd period - Wrist shot by Mikkel Boedker.
16:35 of 2nd period - Shot Misses the Net.
16:37 of 2nd period - Slapshot by Ian Cole.
16:37 of 2nd period - Deflect By Anthony Cirelli.
16:37 of 2nd period - Goal by Anthony Cirelli - San Jose Sharks : 1 - Arizona Coyotes : 1.
16:38 of 2nd period - Leon Draisaitl wins face-off versus Timo Meier in neutral zone.
16:38 of 2nd period - Leon Draisaitl is hit by Clayton Keller.
17:06 of 2nd period - Snap shot by Dylan Strome.
17:06 of 2nd period - Shot Blocked by Brent Burns.
17:16 of 2nd period - Slapshot by Dylan Strome.
17:16 of 2nd period - Stopped by Cam Talbot with a rebound.
17:22 of 2nd period - Slapshot by Brent Burns.
17:22 of 2nd period - Stopped by Devan Dubnyk with a rebound.
17:24 of 2nd period - Snap shot by Chris Tierney.
17:24 of 2nd period - Stopped by Devan Dubnyk with a rebound.
17:26 of 2nd period - Wrist shot by Kevin Labanc.
17:26 of 2nd period - Shot Misses the Net.
17:28 of 2nd period - Backhand shot by Karl Alzner.
17:28 of 2nd period - Shot Blocked by Luke Schenn.
18:09 of 2nd period - Christian Fischer is hit by Anthony Cirelli and loses puck.
18:23 of 2nd period - Off-side.
18:24 of 2nd period - Tommy Wingels wins face-off versus Max Domi in neutral zone.
18:49 of 2nd period - Alex Goligoski is hit by Chris Tierney and loses puck.
18:56 of 2nd period - Slapshot by Adam Clendening.
18:56 of 2nd period - Shot Blocked by Logan Couture.
18:58 of 2nd period - Snap shot by Jordan Martinook.
18:58 of 2nd period - Stopped by Cam Talbot with a rebound.
19:06 of 2nd period - Ryan Sproul is hit by Ian Cole and loses puck.
19:39 of 2nd period - Snap shot by Tomas Hertl.
19:39 of 2nd period - Stopped by Cam Talbot with a rebound.
19:41 of 2nd period - Wrist shot by Tomas Hertl.
19:41 of 2nd period - Stopped by Cam Talbot without a rebound.
19:42 of 2nd period - Leon Draisaitl wins face-off versus Christian Dvorak in San Jose Sharks zone.
19:49 of 2nd period - Snap shot by Leon Draisaitl.
19:49 of 2nd period - Shot Blocked by Christian Dvorak.
19:51 of 2nd period - Wrist shot by Tomas Hertl.
19:51 of 2nd period - Stopped by Cam Talbot with a rebound.
19:53 of 2nd period - Wrist shot by Christian Fischer.
19:53 of 2nd period - Deflect By Clayton Keller.
19:53 of 2nd period - Shot Misses the Net.
19:53 of 2nd period - Puck is out of play.
19:54 of 2nd period - Logan Couture wins face-off versus Leon Draisaitl in San Jose Sharks zone.
Goals for this period are 1 for San Jose Sharks vs 1 for Arizona Coyotes.
Shots for this period are 17 for San Jose Sharks vs 17 for Arizona Coyotes.

3rd period


0:01 of 3rd period - Leon Draisaitl wins face-off versus Logan Couture in neutral zone.
0:47 of 3rd period - Snap shot by Thomas Hickey.
0:47 of 3rd period - Stopped by Cam Talbot without a rebound.
0:48 of 3rd period - Drew Stafford wins face-off versus Mike Blunden in San Jose Sharks zone.
0:48 of 3rd period - Drew Stafford is hit by Jordan Martinook.
2:00 of 3rd period - Slapshot by Andre Burakovsky.
2:00 of 3rd period - Shot Misses the Net.
2:18 of 3rd period - Brent Burns is hit by Nick Cousins and loses puck.
2:40 of 3rd period - Christian Fischer is hit by Kevin Labanc and loses puck.
3:10 of 3rd period - Mike Blunden is hit by Tyler Ennis and loses puck.
3:37 of 3rd period - Snap shot by Dylan Strome.
3:37 of 3rd period - Stopped by Cam Talbot with a rebound.
3:50 of 3rd period - Minor Penalty to Kevin Labanc for Tripping.
3:51 of 3rd period - Drew Stafford wins face-off versus Max Domi in San Jose Sharks zone.
3:51 of 3rd period - Drew Stafford is hit by Max Domi.
4:01 of 3rd period - Slapshot by Max Domi.
4:01 of 3rd period - Shot Hit the Post.
5:50 of 3rd period - Penalty to Kevin Labanc is over, Kevin Labanc is back on ice.
5:54 of 3rd period - Kevin Labanc is hit by Ryan Sproul and loses puck.
6:32 of 3rd period - Icing by Mikkel Boedker.
6:33 of 3rd period - Mike Blunden wins face-off versus Anthony Cirelli in San Jose Sharks zone.
6:58 of 3rd period - Joakim Ryan is hit by Mike Blunden and loses puck.
7:23 of 3rd period - Alex Goligoski is hit by Timo Meier and loses puck.
7:45 of 3rd period - Ian Cole is hit by Max Domi and loses puck.
8:06 of 3rd period - Joakim Ryan is hit by Luke Schenn.
8:34 of 3rd period - Jordan Martinook is hit by Clayton Keller.
8:51 of 3rd period - Wrist shot by Max Domi.
8:51 of 3rd period - Shot Misses the Net.
8:58 of 3rd period - Minor Penalty to Jamie McGinn for Holding.
8:59 of 3rd period - Chris Tierney wins face-off versus Leon Draisaitl in Arizona Coyotes zone.
9:42 of 3rd period - Leon Draisaitl is hit by Timo Meier and loses puck.
10:06 of 3rd period - Slapshot by Clayton Keller.
10:06 of 3rd period - Stopped by Devan Dubnyk without a rebound.
10:06 of 3rd period - Minor Penalty to Devan Dubnyk for Slashing.
10:07 of 3rd period - Christian Dvorak wins face-off versus Leon Draisaitl in Arizona Coyotes zone.
10:32 of 3rd period - Christian Dvorak is hit by Leon Draisaitl and loses puck.
10:45 of 3rd period - Slapshot by Alex Goligoski.
10:45 of 3rd period - Stopped by Cam Talbot without a rebound.
10:46 of 3rd period - Chris Tierney wins face-off versus Tomas Hertl in San Jose Sharks zone.
10:58 of 3rd period - Penalty to Jamie McGinn is over, Jamie McGinn is back on ice.
12:06 of 3rd period - Penalty to Christian Fischer is over, Christian Fischer is back on ice.
12:21 of 3rd period - Slapshot by Travis Dermott.
12:21 of 3rd period - Shot Misses the Net.
12:35 of 3rd period - Minor Penalty to Ian Cole for Hooking.
12:36 of 3rd period - Max Domi wins face-off versus Tyler Ennis in San Jose Sharks zone.
12:37 of 3rd period - Wrist shot by Jamie McGinn.
12:37 of 3rd period - Stopped by Cam Talbot with a rebound.
12:39 of 3rd period - Snap shot by Jamie McGinn.
12:39 of 3rd period - Shot Blocked by Drew Stafford.
12:41 of 3rd period - Snap shot by Anthony Duclair.
12:41 of 3rd period - Deflect By Max Domi.
12:41 of 3rd period - Goal by Max Domi - San Jose Sharks : 1 - Arizona Coyotes : 2.
12:42 of 3rd period - Leon Draisaitl wins face-off versus Chris Tierney in neutral zone.
13:18 of 3rd period - Wrist shot by Max Domi.
13:18 of 3rd period - Stopped by Cam Talbot with a rebound.
13:20 of 3rd period - Slapshot by Alex Goligoski.
13:20 of 3rd period - Shot Hit the Post.
13:22 of 3rd period - Snap shot by Jamie McGinn.
13:22 of 3rd period - Shot Blocked by Clayton Keller.
13:36 of 3rd period - Thomas Hickey is hit by Ian Cole and loses puck.
13:51 of 3rd period - Travis Dermott is hit by Nicholas Merkley.
14:06 of 3rd period - Wrist shot by Mikkel Boedker.
14:06 of 3rd period - Shot Misses the Net.
14:13 of 3rd period - Off-side.
14:14 of 3rd period - Logan Couture wins face-off versus Max Domi in neutral zone.
14:39 of 3rd period - Karl Alzner is hit by Tomas Hertl and loses puck.
15:04 of 3rd period - Wrist shot by Andre Burakovsky.
15:04 of 3rd period - Goal by Andre Burakovsky - San Jose Sharks : 2 - Arizona Coyotes : 2.
15:05 of 3rd period - Anthony Cirelli wins face-off versus Mike Blunden in neutral zone.
15:14 of 3rd period - Wrist shot by Jordan Martinook.
15:14 of 3rd period - Stopped by Cam Talbot with a rebound.
15:26 of 3rd period - Minor Penalty to Anthony Cirelli for Interference.
15:27 of 3rd period - Tyler Ennis wins face-off versus Max Domi in San Jose Sharks zone.
15:27 of 3rd period - Tyler Ennis is hit by Jamie McGinn.
16:17 of 3rd period - Tyler Ennis is hit by Leon Draisaitl and loses puck.
17:26 of 3rd period - Penalty to Anthony Cirelli is over, Anthony Cirelli is back on ice.
17:30 of 3rd period - Snap shot by Jordan Martinook.
17:30 of 3rd period - Stopped by Cam Talbot with a rebound.
17:50 of 3rd period - Clayton Keller is hit by Jordan Martinook and loses puck.
18:17 of 3rd period - Icing by Nick Cousins.
18:18 of 3rd period - Leon Draisaitl wins face-off versus Christian Dvorak in Arizona Coyotes zone.
18:34 of 3rd period - Nicholas Merkley is hit by Drew Stafford.
18:52 of 3rd period - Alex Goligoski is hit by Tommy Wingels and loses puck.
18:59 of 3rd period - Snap shot by Tyler Ennis.
18:59 of 3rd period - Shot Blocked by Tomas Hertl.
19:01 of 3rd period - Slapshot by Brent Burns.
19:01 of 3rd period - Shot Blocked by Tomas Hertl.
19:03 of 3rd period - Wrist shot by Andre Burakovsky.
19:03 of 3rd period - Stopped by Devan Dubnyk without a rebound.
19:04 of 3rd period - Mike Blunden wins face-off versus Christian Dvorak in Arizona Coyotes zone.
19:04 of 3rd period - Mike Blunden is hit by Ian Cole.
19:24 of 3rd period - Icing by Mike Blunden.
19:25 of 3rd period - Mike Blunden wins face-off versus Tommy Wingels in Arizona Coyotes zone.
19:50 of 3rd period - Adam Clendening is hit by Karl Alzner and loses puck.
Goals for this period are 1 for San Jose Sharks vs 1 for Arizona Coyotes.
Shots for this period are 3 for San Jose Sharks vs 8 for Arizona Coyotes.

Overtime #1


0:01 of 1st overtime period - Leon Draisaitl wins face-off versus Clayton Keller in neutral zone.
0:26 of 1st overtime period - Timo Meier is hit by Max Domi and loses puck.
0:51 of 1st overtime period - Chris Tierney is hit by Christian Fischer and loses puck.
0:57 of 1st overtime period - Off-side.
0:58 of 1st overtime period - Timo Meier wins face-off versus Anthony Duclair in neutral zone.
1:07 of 1st overtime period - Wrist shot by Timo Meier.
1:07 of 1st overtime period - Shot Misses the Net.
1:10 of 1st overtime period - Icing by Jamie McGinn.
1:11 of 1st overtime period - Anthony Duclair wins face-off versus Timo Meier in Arizona Coyotes zone.
1:20 of 1st overtime period - Snap shot by Anthony Duclair.
1:20 of 1st overtime period - Shot Misses the Net.
1:22 of 1st overtime period - Snap shot by Jamie McGinn.
1:22 of 1st overtime period - Shot Blocked by Clayton Keller.
1:24 of 1st overtime period - Slapshot by Jamie McGinn.
1:24 of 1st overtime period - Goal by Jamie McGinn - San Jose Sharks : 2 - Arizona Coyotes : 3.
Goals for this period are 0 for San Jose Sharks vs 1 for Arizona Coyotes.
Shots for this period are 0 for San Jose Sharks vs 1 for Arizona Coyotes.